 Dungeon Crawl Stone Soup version 0.26-a0-812-g31a745ddcd (webtiles) character file.

Game seed: 9434883512669351203

665 sanka the Grappler (level 7, 35/57 HPs)
             Began as a Green Draconian Gladiator on Oct 29, 2020.
             Was an Initiate of Okawaru.
             Quit the game on level 4 of the Dungeon on Nov 22, 2020.
             The game lasted 00:11:43 (4906 turns).

sanka the Grappler (Green Draconian Gladiator)      Turns: 4906, Time: 00:11:44

Health: 35/57      AC: 10    Str: 16    XL:     7   Next: 31%
Magic:  7/7        EV: 14    Int:  9    God:    Okawaru [......]
Gold:   223        SH:  0    Dex: 20    Spells: 6/6 levels left

rFire    . . .     SeeInvis .     - Unarmed
rCold    . . .     Faith    .   (no shield)
rNeg     . . .     Spirit   .   (armour unavailable)
rPois    +         Reflect  .   a - +0 hat
rElec    .         Harm     .   o - +2 cloak
rCorr    .         Rampage  .   m - +0 pair of gloves
MR       .....                  (no boots)
Stlth    ++........             (no amulet)
HPRegen  0.19/turn              (no ring)
MPRegen  0.10/turn              j - +6 ring of dexterity

@: no status effects
A: breathe noxious fumes, unfitting armour, poison resistance, cold-blooded, AC
+6
a: Breathe Noxious Fumes, Renounce Religion


You were on level 4 of the Dungeon.
You worshipped Okawaru.
Okawaru was noncommittal.
You visited 2 branches of the dungeon, and saw 5 of its levels.

You collected 223 gold pieces.


Innate Abilities, Weirdness & Mutations

You can breathe blasts of noxious fumes.
Your lurid green scales are hard. (AC +6)
You cannot fit into any form of body armour.
Your system is resistant to poisons. (rPois)
You are cold-blooded and may be slowed by cold attacks.


   Skills:
 - Level 3.0 Fighting
 - Level 2.0 Throwing
 - Level 3.0 Dodging
 + Level 8.2 Unarmed Combat


You had 6 spell levels left.
You didn't know any spells.
Your spell library was empty.

Inventory:

Hand Weapons
 p - a +4 quarterstaff of chaos
Armour
 a - a +0 hat (worn)
 m - a +0 pair of gloves (worn)
 o - a +2 cloak (worn)
Jewellery
 j - a +6 ring of dexterity (right hand)
 s - an uncursed ring of poison resistance {unknown}
Wands
 w - a wand of paralysis (6)
Scrolls
 b - a scroll of blinking {unknown}
 c - 4 scrolls of enchant armour {unknown}
 e - 7 scrolls of identify {unknown}
 g - a scroll of immolation {unknown}
 h - a scroll of magic mapping {unknown}
 i - 5 scrolls of remove curse {unknown}
 k - a scroll of fog {unknown}
 l - a scroll of teleportation {unknown}
 t - a scroll of fear {unknown}
Potions
 d - a potion of invisibility {unknown}
 f - a potion of degeneration {unknown}
 n - a potion of curing {unknown}
 q - a potion of magic {unknown}
 r - a potion of lignification {unknown}
 u - 2 potions of might {unknown}
 v - a potion of attraction {unknown}

Dungeon Overview and Level Annotations

Branches:
Dungeon (4/15)             Temple (1/1) D:4

Altars:
Ashenzari
Cheibriados
Dithmenos
Elyvilon
Fedhas
Gozag
Hepliaklqana
Kikubaaqudgha
Makhleb
Nemelex Xobeh
Okawaru
Qazlal
Ru
Sif Muna
Vehumet
Wu Jian
Xom
Zin
The Shining One

Annotations:
D:3 1 runed translucent door, Grinder; catramo's ghost, amateur TrMo
D:4 Pikel

....▒▒ ▒▒▒ ▒...▒..▒. .....▒
▒▒▒▒▒▒▒.▒▒...J÷!▒▒.)......
....▒▒▒....▒.▒(▒÷....f▒▒........
.▒▒..▒▒.....▒.▒.▒.J..÷.▒▒..▒▒..▒.
.....'......▒'▒.▒f.÷...▒▒..▒▒..▒.
▒..'........▒.▒...J.J▒▒..▒▒..▒.
▒..'........▒.▒.f.f.f▒▒..▒▒..▒.
▒))▒▒.......▒.▒.....÷▒▒..▒▒....
▒)(▒▒▒......▒▒d.÷..f.▒▒........
▒..▒▒▒▒▒▒▒▒▒▒▒▒......▒ ▒..▒.
▒▒▒...▒▒▒▒▒▒▒ ▒▒▒▒▒▒▒▒ ▒..▒
............▒▒▒ ...............
▒▒▒.▒▒▒.▒(▒▒▒▒ ........)....▒▒▒▒
▒ ▒.....).).......▒.▒
....▒▒▒.[)......▒.▒▒


You could see a jelly (asleep) and 3 oozes.


Message History

The jelly misses you.
Unknown command.
Unknown command.
You hit the jelly.
You kill the jelly!
Okawaru accepts your kill.
Unknown command.
You hit the ooze but do no damage. You punch the ooze!
The ooze is severely wounded.
The ooze hits you.
Unknown command.
You hit the ooze.
You kill the ooze!
Okawaru accepts your kill.
You start resting.
You are no longer corroded.
The ooze quivers.
There is an open door here.
Level annotation: Pikel Options error: Bad object type '%' for autopickup. (~/.crawlrc:99) Welcome back, sanka the Green Draconian Gladiator.
Okawaru says: Bring me glory in combat!
Saving game... please wait.
Level annotation: Pikel Options error: Bad object type '%' for autopickup. (~/.crawlrc:99) Welcome back, sanka the Green Draconian Gladiator.
Okawaru says: Bring me glory in combat!
Unknown command.
Are you sure you want to abandon this character and quit the game? (Confirm with "yes".)

Action                   |  1- 3 |  4- 6 |  7- 9 || total
-------------------------+-------+-------+-------++-------
Melee: Unarmed           |   103 |   297 |    61 ||   461
       Tailslap          |    12 |    55 |    14 ||    81
       Punch             |       |    14 |     4 ||    18
Throw: Throwing net      |     2 |     3 |       ||     5
 Abil: Breathe Noxious F |       |       |     1 ||     1
 Stab: Sleeping          |     3 |     2 |     1 ||     6
       Held in net/web   |     1 |     3 |       ||     4
       Distracted        |       |     1 |       ||     1
       Confused          |       |       |     2 ||     2
Armor: Skin              |    32 |   128 |    22 ||   182
Dodge: Dodged            |    76 |   315 |    42 ||   433

Levels and vault maps discovered:
D:1:      mainiacjoe_arrival_reflecting_pool, layout_loops_ring, corner_web_ring
D:2:      layout_loops_ring, marbit_many_paths, uniq_terence,
          uniq_crazy_yiuf_cottage
D:3:      layout_basic, hellmonk_ghost_happy_afterlife,
          minmay_misc_feat_diagonals, chequers_serial_rivers_room_a,
          nrook_campfire, uniq_robin, uniq_grinder, uniq_jessica
D:4:      cheibrodos_fertilizer, layout_basic, minmay_temple_entry_stoned_glass,
          minmay_checkerbox, uniq_ijyb, uniq_pikel, uniq_edmund
Temple:   regret_index_temple_mists

Notes
Turn   | Place    | Note
-------+----------+-------------------------------------------
     0 | D:1      | sanka the Draconian Gladiator began the quest for the Orb.
     0 | D:1      | Reached XP level 1. HP: 17/17 MP: 1/1
   129 | D:1      | Reached skill level 2 in Throwing
   133 | D:1      | Reached XP level 2. HP: 23/25 MP: 2/2
   651 | D:1      | Reached skill level 3 in Dodging
   681 | D:2      | Noticed Terence
   983 | D:2      | Reached XP level 3. HP: 26/30 MP: 3/3
  1035 | D:2      | Reached skill level 3 in Fighting
  1342 | D:3      | HP: 2/31 [orc wizard/magic dart (4)]
  1344 | D:3      | Reached skill level 4 in Unarmed Combat
  1344 | D:3      | Reached XP level 4. HP: 3/38 MP: 4/4
  1834 | D:2      | Found a hazy altar of Hepliaklqana.
  1899 | D:2      | Found a runed translucent door.
  1900 | D:2      | Noticed Crazy Yiuf
  1910 | D:2      | Killed Crazy Yiuf
  1910 | D:2      | Reached skill level 5 in Unarmed Combat
  1910 | D:2      | Reached XP level 5. HP: 45/45 MP: 5/5
  2145 | D:2      | Killed Terence
  2394 | D:3      | Noticed catramo's ghost (amateur TrMo)
  2395 | D:3      | Found a runed translucent door.
  2575 | D:2      | Reached skill level 6 in Unarmed Combat
  2670 | D:3      | Noticed an ogre
  2700 | D:3      | HP: 4/45 [ogre/+0 giant spiked club (19)]
  2709 | D:3      | HP: 3/45 [bat (1)]
  2715 | D:3      | Noticed Grinder
  2732 | D:3      | HP: 4/45 [bat (1)]
  2737 | D:3      | HP: 4/45 [bat (1)]
  3032 | D:3      | Noticed Jessica
  3048 | D:2      | Reached XP level 6. HP: 48/51 MP: 6/6
  3101 | D:2      | Killed Jessica
  3251 | D:3      | Noticed Robin
  3274 | D:3      | Killed Robin
  4225 | D:4      | Reached skill level 7 in Unarmed Combat
  4272 | D:4      | Noticed Pikel
  4303 | D:3      | Paralysed by Grinder for 2 turns
  4460 | D:4      | Found a staircase to the Ecumenical Temple.
  4478 | D:4      | Noticed Ijyb
  4481 | Temple   | Entered the Ecumenical Temple
  4483 | Temple   | Your scales start taking on a lurid green colour.
  4483 | Temple   | Reached XP level 7. HP: 57/57 MP: 7/7
  4483 | Temple   | Gained mutation: Your system is resistant to poisons.
                  | (rPois) [Green Draconian growth]
  4665 | Temple   | Became a worshipper of Warmaster Okawaru
  4698 | D:4      | Paralysed by Ijyb for 2 turns
  4703 | D:4      | Killed Ijyb
  4862 | D:4      | Reached skill level 8 in Unarmed Combat
  4906 | D:4      | Upgraded the game from 0.26-a0-651-gb41185065b to
                  | 0.26-a0-812-g31a745ddcd
  4906 | D:4      | Quit the game

Vanquished Creatures
  A lemure (D:4)
  A scorpion (D:4)
  4 orc wizards
  2 jellies (D:4)
  A hound (Temple)
  A centaur skeleton (D:4)
  Crazy Yiuf (D:2)
  Ijyb (D:4)
  Jessica (D:2)
  Terence (D:2)
  A hound skeleton (D:4)
  Robin (D:3)
  5 adders
  3 gnolls (D:2)
  4 oozes (D:4)
  3 dart slugs
  5 leopard geckos
  28 orcs
  3 giant cockroaches
  15 goblins
  11 hobgoblins
  6 jackals
  10 kobolds
  A quokka (D:2)
  8 bats
  7 frilled lizards
  4 rats
129 creatures vanquished.

Vanquished Creatures (others)
  9 toadstools (D:4)
9 creatures vanquished.

Grand Total: 138 creatures vanquished
